 Dungeon Crawl Stone Soup version 0.30-a0-4-ga7cffc901d (webtiles) character file.

Game seed: 9951645341779017875

92 Setbun the Sneak (level 4, -3/25 HPs)
             Began as a Kobold Enchanter on Aug 20, 2022.
             Slain by a gnoll
             ... wielding a +0 flail
              (4 damage)
             ... on level 2 of the Dungeon.
             The game lasted 00:02:17 (2196 turns).

Setbun the Sneak (Kobold Enchanter)                 Turns: 2196, Time: 00:02:18

Health: -3/25      AC:  3    Str:  5    XL:     4   Next: 90%
Magic:  7/7        EV: 15    Int: 16    God:
Gold:   130        SH:  0    Dex: 17    Spells: 8/8 levels left

rFire   . . .      SeeInvis .    d - +2 dagger (elec)
rCold   . . .      Faith    .    (no shield)
rNeg    . . .      Spirit   .    b - +0 robe
rPois   .          Reflect  .    (no helmet)
rElec   .          Harm     .    (no cloak)
rCorr   .          Rampage  .    h - +0 pair of gloves
Will    .....                    (no boots)
Stlth   ++++......               (no amulet)
HPRegen 0.08/turn                (no ring)
MPRegen 0.10/turn                (no ring)

@: no status effects
A: small, no large weapons, nightstalker 3
a: no special abilities


You were on level 2 of the Dungeon.
You visited 1 branch of the dungeon, and saw 2 of its levels.

You collected 130 gold pieces.

Inventory:

Hand Weapons
 a - a +1 dagger
 d - a +2 dagger of electrocution (weapon)
Armour
 b - a +0 robe (worn)
 h - a +0 pair of gloves (worn)
Scrolls
 e - 4 scrolls of butterflies {unknown}
 g - 3 scrolls of identify {unknown}
 k - a scroll of teleportation {unknown}
 l - a scroll of immolation {unknown}
 m - a scroll of silence {unknown}
Potions
 c - 2 potions of invisibility
 f - 2 potions of flight {unknown}
 i - a potion of curing {unknown}
 j - a potion of brilliance {unknown}


   Skills:
 + Level 1.1 Fighting
 + Level 2.1 Short Blades
 + Level 3.0 Dodging
 * Level 5.6 Stealth
 + Level 2.6 Spellcasting
 + Level 3.2 Hexes


You had 8 spell levels left.
You didn't know any spells.
Your spell library contained the following spells:

 Spells                   Type           Power      Damage    Failure   Level
 Ensorcelled Hibernation  Hex/Ice        14%        N/A       16%         2
 Confusing Touch          Hex            12%        N/A       16%         3
 Tukima's Dance           Hex            12%        N/A       16%         3
 Dazzling Flash           Conj/Hex       14%        N/A       30%         3


Dungeon Overview and Level Annotations

Branches:
Dungeon (2/15)

Altars:
Wu Jian


Innate Abilities, Weirdness & Mutations

You are small and have problems with some larger weapons.
You are completely attuned to the shadows.


Message History

The jackal barely misses you.
You hear a shout!
You closely miss the jackal.
The jackal is heavily wounded.
You hear a shout!
The jackal barely misses you.
A gnoll comes into view. It is wielding a +0 flail.
You hit the jackal.
You kill the jackal!
The kobold throws a stone.
The stone hits you but does no damage.
You hit the gnoll.
The gnoll is moderately wounded.
You hit the gnoll.
The gnoll is severely wounded.
The gnoll hits you with a +0 club.
A gnoll comes into view. It is wielding a +0 whip.
You hit the gnoll.
The gnoll is almost dead.
The gnoll hits you with a +0 club.
You closely miss the gnoll.
The gnoll is almost dead.
The gnoll misses you.
You hit the gnoll.
You kill the gnoll!
You hit the gnoll.
The gnoll is moderately wounded.
The gnoll hits you with a +0 flail.
You hit the gnoll but do no damage.
The gnoll is moderately wounded.
The gnoll hits you with a +0 flail!
Ouch! That really hurt!
* * * LOW HITPOINT WARNING * * *
Things that are here:
a +0 dagger; 5 stones; a kobold corpse The gnoll attacks as you move away!
The gnoll closely misses you. The gnoll attacks as you move away!
The gnoll hits you with a +0 flail.
* * * LOW HITPOINT WARNING * * *
There is a stone staircase leading up here.
The gnoll hits you with a +0 flail.
You die...

#.# ##... #.# #.... #.#
#.... #.# ##.#.. #.#
#..... ########.# #..#..
...# #......#.####....#
..?( #.####.#.........#
#.. ####@####.######.....
##..##gKg....#..###.......
....)..##......#.##.#.....
##..#####......##)#.##....
#.. #.....)###..#####.
.... ##.....##)#.#####.
...# #.....#)##.......
######)#########.
####)#### #.


You could see 2 gnolls and a kobold.

Vanquished Creatures
  Robin (D:2)
  2 gnolls
  2 dart slugs
  2 ball pythons
  3 endoplasms (D:1)
  6 hobgoblins
  5 jackals
  6 kobolds
  3 quokkas
  6 bats
  A frilled lizard (D:1)
  13 goblins
  2 rats (D:1)
52 creatures vanquished.

Vanquished Creatures (others)
  A goblin (D:2)
1 creature vanquished.

Grand Total: 53 creatures vanquished

Notes
Turn   | Place    | Note
-------+----------+-------------------------------------------
     0 | D:1      | Setbun the Kobold Enchanter began the quest for the Orb.
     0 | D:1      | Reached XP level 1. HP: 10/10 MP: 3/3
   141 | D:1      | Reached XP level 2. HP: 15/15 MP: 5/5
   238 | D:1      | Found a faded altar of an unknown god.
   538 | D:1      | Reached XP level 3. HP: 20/20 MP: 6/6
   617 | D:1      | Reached skill level 5 in Stealth
  1794 | D:2      | Reached XP level 4. HP: 24/24 MP: 7/7
  1917 | D:2      | Noticed Robin
  1949 | D:2      | Killed Robin
  1993 | D:2      | Found an ornate altar of the Wu Jian Council.
  1997 | D:2      | Reached skill level 1 in Fighting
  2195 | D:2      | HP: 1/25 [gnoll/+0 flail (2)]
  2196 | D:2      | Slain by a gnoll

Illustrated notes

Levels and vault maps discovered:
D:1:      saegor_arrival_simple_d, layout_basic, shapermc_ecumenical_altar_gd,
          reono_crystal_passage, minivault_11
D:2:      layout_loops_cross, basic_altar, uniq_robin

Skill      XL: |  1  2  3  4 |
---------------+-------------+-----
Stealth        | 5 |  5.6
Short Blades   | 2 |  2.1
Dodging        | 3 |  3.0
Fighting       | 1 |  1.1
Spellcasting   | |  2.6
Hexes          | |  3.2

Action                   |  1- 3 |  4- 6 || total
-------------------------+-------+-------++-------
Melee: Dagger            |    54 |    70 ||   124
 Stab: Sleeping          |    21 |       ||    21
Armor: Robe              |     3 |    17 ||    20
Dodge: Dodged            |    22 |    56 ||    78

Table legend: (Time is in decaauts)
 A = Elapsed time spent in this place.
 B = Non-inter-level travel time spent in this place.
 C = Inter-level travel time spent in this place.
 D = Time resting spent in this place.
 E = Time spent auto-exploring this place.
 F = Levels seen in this place.
 G = Mean time per level.
                   A        B        C        D        E       F      G
               +--------+--------+--------+--------+--------+-----+--------+
         Total |   2183 |   2103 |     80 |      0 |   1779 |   2 | 1091.5 |
       Dungeon |   2183 |   2103 |     80 |      0 |   1779 |   2 | 1091.5 |
               +--------+--------+--------+--------+--------+-----+--------+

Top non-repeatable levels by time:
     D:1: 1502 daAuts
     D:2: 681 daAuts
